 Dungeon Crawl Stone Soup version 0.31.0-32-g396128a36d (webtiles) character file.

Game seed: 5502699035097906860

1301 Nuwings the Cudgeller (level 8, -2/94 (105) HPs)
             Began as a Minotaur Fighter on Apr 7, 2024.
             Was an Initiate of Cheibriados.
             Slain by a wight
             ... wielding a +0 long sword
              (5 damage)
             ... on level 6 of the Dungeon.
             The game lasted 00:28:27 (3150 turns).

Nuwings the Cudgeller (Minotaur Fighter)            Turns: 3150, Time: 00:28:28

HP:   -2/94 (105)   AC: 24    Str: 22    XL:     8   Next: 31%
MP:   7/7           EV:  2    Int:  6    God:    Cheibriados [......]
Gold: 258           SH:  0    Dex: 13    Spells: 4/7 levels left

rFire   . . .        h - +4 whip (elec)
rCold   . . .        B - orb {*channel}
rNeg    . . .        b - melded +0 scale mail
rPois   +            (helmet currently unavailable)
rElec   .            t - melded scarf {repulsion}
rCorr   +            (gloves currently unavailable)
SInv    +            (boots currently unavailable)
Will    .....        (no amulet)
Stlth   +            e - ring of see invisible
HPRegen 0.35/turn    u - ring of resist corrosion
MPRegen 0.10/turn

%: channel magic (20%)
@: lethally poisoned (-2 -> -10), tree-form, heavily drained, very slow
A: stationary, stasis, torment immunity, boosted hp, (horns 2), (retaliatory
headbutt)
a: Renounce Religion


You were on level 6 of the Dungeon.
You worshipped Cheibriados.
Cheibriados was noncommittal.
You were a tree.
You visited 2 branches of the dungeon, and saw 7 of its levels.

You collected 258 gold pieces.

Inventory:

Hand Weapons
 f - a +3 short sword of venom
 h - a +4 whip of electrocution (weapon)
 j - a +2 dagger of draining
 l - a +3 quarterstaff
 s - a +2 rapier of speed
 A - the +2 trident of the Screaming Shrike {speed, rPois Int+5 Stlth-}
   (You found it on level 6 of the Dungeon)

   Int+5:     It affects your intelligence (+5).
   rPois:     It protects you from poison Stlth-: It makes you less stealthy.
   Cheibriados disapproves of the use of such an item.
Missiles
 o - a throwing net (quivered)
Armour
 b - a +0 scale mail (melded)
 c - a +0 buckler
 i - a +0 cloak
 t - a scarf of repulsion (melded)
 B - an orb of energy (worn)
Magical Staves
 d - a staff of conjuration
Jewellery
 e - a ring of see invisible (left branch)
 u - a ring of resist corrosion (right branch)
Wands
 k - a wand of acid (8)
 z - a wand of polymorph (5)
Scrolls
 g - a scroll of blinking {unknown}
 p - 2 scrolls of teleportation
 q - a scroll of immolation
 r - 2 scrolls of fog {unknown}
 v - a scroll of vulnerability {unknown}
 x - a scroll of torment {unknown}
Potions
 a - 2 potions of brilliance
 m - 4 potions of lignification
 n - 6 potions of enlightenment
 w - a potion of mutation {unknown}


   Skills:
 + Level 6.0 Fighting
 + Level 7.8 Maces & Flails
 + Level 7.1 Armour
 + Level 2.6 Dodging
 + Level 0.5 Stealth
 + Level 5.4 Shields
 + Level 0.3 Evocations


You had 4 spell levels left.
You knew the following spells:

 Your Spells              Type           Power      Damage    Failure   Level
a - Summon Ice Beast      Ice/Summ       0%         N/A       94%         3

Your spell library contained the following spells:

 Spells                   Type           Power      Damage    Failure   Level
 Apportation              Tloc           0%         N/A       67%         1
 Necrotise                Necr           0%         1d4       67%         1
 Sting                    Conj/Alch      0%         1d3       67%         1
 Summon Small Mammal      Summ           0%         N/A       67%         1
 Call Canine Familiar     Summ           0%         N/A       94%         3
 Sigil of Binding         Hex            0%         N/A       94%         3
 Dimensional Bullseye     Hex/Tloc       0%         N/A       100%        4
 Summon Mana Viper        Hex/Summ       0%         N/A       100%        5
 Monstrous Menagerie      Summ           0%         N/A       100%        7


Dungeon Overview and Level Annotations

Branches:
Dungeon (6/15)             Temple (1/1) D:6

Altars:
Ashenzari
Cheibriados
Fedhas
Gozag
Hepliaklqana
Kikubaaqudgha
Makhleb
Okawaru
Qazlal
Sif Muna
Trog
Uskayaw
Vehumet
Wu Jian
Yredelemnul
Zin


Innate Abilities, Weirdness & Mutations

You are a tree.
Your roots penetrate the ground, keeping you stationary.
You cannot be teleported.
You are immune to unholy pain and torment.
Your maximum health is greatly increased.
Your equipment is partially melded.
((You have a pair of horns on your head.))
((You reflexively headbutt those who attack you in melee.))


Message History

The arrow misses you.
Okay, then.
The air fills with toxic fumes!
As you read the scroll of poison, it crumbles to dust.
The centaur unwields a +0 orcbow.
The centaur closely misses you. The centaur barely misses you.
The wight hits you with a +0 long sword.
You feel drained. The gnoll hits you but does no damage. The centaur hits you.
The centaur kicks you but does no damage.
As you read the scroll of teleportation, it crumbles to dust.
You feel strangely unstable. The wight closely misses you.
You furiously retaliate!
You headbutt the wight!
The gnoll hits you from afar with a +0 spear.
The centaur barely misses you. x2
You are engulfed in poison gas.
You are poisoned.
You feel very sick.
The centaur wields a +0 orcbow.
The centaur shoots an arrow.
The arrow misses you. The wight attacks as it pursues you!
The wight hits you with a +0 long sword!
* * * LOW HITPOINT WARNING * * *
You feel drained.
* * * LOW HITPOINT WARNING * * *
The wight hits you with a +0 long sword.
* * * LOW HITPOINT WARNING * * *
You feel drained.
* * * LOW HITPOINT WARNING * * *
The gnoll closely misses you.
Okay, then.
Okay, then.
You turn into a tree.
Your scarf of repulsion melds into your body.
Your +0 scale mail melds into your body.
The haze of the repulsion field disappears.
Your roots penetrate the ground.
You feel strangely stable.
* * * LOW HITPOINT WARNING * * *
You feel sick.
The centaur unwields a +0 orcbow.
The centaur hits you but does no damage.
The centaur kicks you but does no damage.
The wight hits you with a +0 long sword.
You die...

#..# #.#
#.####§§###.#
#....§§§..))#
#####§§##### #§.#
#5W# #fg# ##
#######zc# #.
.§§§§§§♣§#
#.############§# #
#....#########§# ##
#..#..........§#
.###..........#####
....#....P....#
.###[##...>...#
.....###.....##
###### #P.P..#


You could see a phantom, a sleepcap, a centaur, a wight, a gnoll and a shadow
imp.

Vanquished Creatures
  Eustachio (D:5)
  A black bear (D:5)
  An ice beast (D:6)
  The ghost of Villent the Trooper, an amateur DrBe of Trog (D:3)
  An ogre (D:5)
  2 phantoms
  2 scorpions
  A bombardier beetle (D:4)
  2 hounds
  2 jellies
  A gnoll bouda (D:6)
  2 iguanas
  2 orc wizards
  A mummy (D:6)
  9 gnolls
  6 adders
  2 ufetubi (D:6)
  An adder zombie (D:3)
  4 dart slugs
  4 ribbon worms
  14 orcs
  4 bats
  4 endoplasms
  4 giant cockroaches
  3 goblins
  3 hobgoblins
  2 jackals (D:3)
  2 quokkas
  A ball python (D:3)
  4 frilled lizards
  9 kobolds
  4 kobold zombies (D:6)
  A quokka zombie (D:3)
  7 rats
108 creatures vanquished.

Notes
Turn   | Place    | Note
-------+----------+-------------------------------------------
     0 | D:1      | Nuwings the Minotaur Fighter began the quest for the Orb.
     0 | D:1      | Reached XP level 1. HP: 19/19 MP: 0/0
    43 | D:1      | Reached XP level 2. HP: 16/27 MP: 1/1
   354 | D:1      | Reached XP level 3. HP: 33/33 MP: 2/2
   745 | D:2      | Found a stormy altar of Qazlal.
   958 | D:3      | Reached XP level 4. HP: 10/41 MP: 3/3
  1133 | D:3      | Found a runed translucent gate.
  1133 | D:3      | Found a runed translucent gate.
  1133 | D:3      | Found a runed translucent gate.
  1133 | D:3      | Noticed Villent's ghost (amateur DrBe)
  1136 | D:3      | Found a basalt altar of Yredelemnul.
  1163 | D:3      | Killed Villent's ghost
  1164 | D:3      | Reached skill level 5 in Armour
  1164 | D:3      | Reached XP level 5. HP: 43/47 MP: 4/4
  1518 | D:4      | Reached XP level 6. HP: 36/55 MP: 5/5
  1635 | D:4      | Reached skill level 5 in Maces & Flails
  1635 | D:4      | Reached skill level 1 in Dodging
  1881 | D:4      | Reached skill level 5 in Fighting
  2118 | D:5      | Entered Level 5 of the Dungeon
  2199 | D:5      | Reached XP level 7. HP: 61/61 MP: 6/6
  2311 | D:5      | Noticed Eustachio
  2361 | D:5      | Killed Eustachio
  2362 | D:5      | Reached skill level 5 in Shields
  2487 | D:5      | Reached XP level 8. HP: 69/69 MP: 7/7
  2939 | D:6      | Identified the +2 trident of the Screaming Shrike {speed,
                  | rPois Int+5 Stlth-}
  2984 | D:6      | Learned a level 3 spell: Summon Ice Beast
  2989 | D:6      | Found a staircase to the Ecumenical Temple.
  3022 | Temple   | Entered the Ecumenical Temple
  3060 | Temple   | Became a worshipper of Cheibriados the Contemplative
  3149 | D:6      | HP: 3/63 [wight/+0 long sword (1)]
  3150 | D:6      | Slain by a wight

Illustrated notes

Levels and vault maps discovered:
D:1:      minmay_arrival_semitransparent, layout_basic
D:2:      layout_loops_ring, basic_altar, minmay_tetromino_s4
D:3:      layout_basic, nicolae_yredelemnul_ghost_church,
          amcnicky_mini_corridor_feature
D:4:      layout_basic
D:5:      layout_loops_ring, uniq_eustachio
D:6:      minmay_chambers_of_threes, layout_loops_ring,
          minmay_temple_entry_overgrown, minmay_mini_ossuary
Temple:   hellmonk_temple_of_storms

Skill      XL: |  1  2  3  4  5  6  7  8 |
---------------+-------------------------+-----
Fighting       | 4 5 6 |  6.0
Armour         | 4 5 6 7 |  7.1
Shields        | 4 5 |  5.4
Maces & Flails | 3 4 6 7 |  7.8
Dodging        | 1 2 |  2.6
Stealth        | |  0.5
Evocations     | |  0.3

Action                     |  1- 3 |  4- 6 |  7- 9 || total
---------------------------+-------+-------+-------++-------
  Melee: Flail             |    22 |       |       ||    22
         Headbutt          |     8 |    15 |    18 ||    41
         Whip              |    56 |   122 |    90 ||   268
  Evoke: Wand              |     1 |     1 |       ||     2
    Use: Scroll            |     8 |     5 |     3 ||    16
         Potion            |       |     1 |     1 ||     2
 Armour: Scale mail        |    48 |    63 |    69 ||   180
         Skin              |       |       |     3 ||     3
  Dodge: Dodged            |    34 |    39 |    52 ||   125
  Block: Buckler           |    15 |    17 |     5 ||    37
